Map: Dasan Station LE

Players

Yarick - Winner!

  • Race: Terran Terran
  • League: Silver
  • Spawn Location: 12:00

Fropez

  • Race: Protoss Protoss
  • League: Gold
  • Spawn Location: 6:00

VOD

Have the link to the VOD?

Description

Time

  • Played on: July 19, 2016, 1:07 p.m.
  • Length: 5:35
Show
View Real Time Build Order
Export as new Build Order

Yarick Terran - Winner!

Build Orders:  

Get SALT Encoding   

  12  0:01  SCV  
  13  0:13  SCV  
  14  0:17  Supply Depot  
  14  0:25  SCV  
  15  0:39  SCV  
  15  0:41  Barracks  
  16  0:44  Refinery  
  16  0:51  SCV  
  17  0:59  Supply Depot  
  17  1:03  SCV  
  18  1:15  SCV  
  19  1:24  Supply Depot  
  19  1:27  SCV, Reaper  
  21  1:38  Refinery  
  21  1:39  SCV  
  22  1:50  Barracks  
  22  1:51  SCV  
  23  1:59  Marine  
  24  2:03  SCV  
  25  2:17  Marine  
  26  2:30  SCV  
  26  2:35  Marine  
  27  2:39  Barracks  
  27  2:42  Engineering Bay  
  27  2:43  Orbital Command  
  27  2:47  Barracks Tech Lab  
  27  2:53  Barracks Tech Lab  
  27  2:59  Barracks  
  29  3:06  Marauder  
  29  3:09  Stimpack  
  29  3:10  Terran Infantry Weapons Level 1  
  29  3:15  Marauder  
  33  3:27  Marauder  
  33  3:33  Barracks Reactor  
  33  3:36  Marauder  
  35  3:45  Supply Depot  
  37  3:48  Marauder  
  37  3:52  Barracks Reactor  
  37  3:58  Marauder  
  39  4:09  Marine x2  
  41  4:10  Marauder  
  41  4:11  Supply Depot  
  43  4:19  Marauder  
  45  4:27  Marine x2  
  47  4:32  Marine  
  47  4:33  Marauder  
  47  4:37  Supply Depot  
  50  4:40  Marauder  
  50  5:03  Marine x4  
  50  5:04  Supply Depot  
  50  5:05  Marauder x2  
Show
View Real Time Build Order
Export as new Build Order

Fropez Protoss 

Build Orders: Nexus First 

Get SALT Encoding   

  12  0:01  Probe (Chrono Boost)  
  13  0:11  Probe (Chrono Boost)  
  14  0:41  Nexus  
  14  0:49  Pylon  
  14  0:55  Probe (Chrono Boost)  
  15  1:08  Assimilator  
  15  1:10  Probe (Chrono Boost)  
  16  1:13  Assimilator  
  16  1:20  Probe (Chrono Boost)  
  17  1:30  Gateway  
  17  1:43  Pylon  
  17  1:52  Probe (Chrono Boost)  
  17  1:53  Probe (Chrono Boost)  
  19  2:11  Forge  
  19  2:12  Probe (Chrono Boost)  
  19  2:14  Probe (Chrono Boost)  
  20  2:32  Probe (Chrono Boost)  
  21  2:42  Probe (Chrono Boost)  
  22  2:48  Pylon  
  22  2:52  Probe (Chrono Boost)  
  22  2:56  Probe (Chrono Boost)  
  24  3:11  Gateway  
  24  3:12  Probe (Chrono Boost)  
  25  3:16  Assimilator  
  25  3:17  Photon Cannon  
  25  3:19  Probe (Chrono Boost), Assimilator  
  26  3:32  Cybernetics Core  
  26  3:34  Pylon  
  26  3:36  Probe (Chrono Boost)  
  26  3:37  Probe (Chrono Boost)  
  28  3:47  Probe (Chrono Boost)  
  29  4:03  Nexus  
  29  4:10  Mothership Core  
  33  4:28  Probe  
  36  4:43  Pylon  
  36  4:48  Photon Cannon  
  36  5:01  Pylon, Photon Cannon  
  36  5:12  Gateway  
  36  5:25  Photon Cannon  
Tags
 
Matchup
PvT
Replay Pack
All Mines
Spawn Locations
Cross Positions
Add a new tag
Caveats
  • Supply blocks, unpowered buildings, or Contaminate may cause inaccurate times.
  • Supply counts are checked every 10 seconds.